 Dungeon Crawl Stone Soup version 0.27-a0-1196-g3e9cee4cb2 (webtiles) character file.

Game seed: 17201217619220539783

9 freelancePsychic the Skirmisher (level 2, 0/31 HPs)
             Began as an Ogre Warper on May 28, 2021.
             Slain by a kobold
             ... wielding a +2 vorpal hand axe
              (2 damage)
             ... on level 1 of the Dungeon.
             The game lasted 00:00:58 (579 turns).

freelancePsychic the Skirmisher (Ogre Warper)        Turns: 579, Time: 00:00:58

Health: 0/31       AC:  3    Str: 14    XL:     2   Next: 16%
Magic:  5/5        EV:  9    Int: 14    God:
Gold:   21         SH:  0    Dex:  8    Spells: 6/6 levels left

rFire    . . .     SeeInvis .   a - +0 mace
rCold    . . .     Faith    .   (no shield)
rNeg     . . .     Spirit   .   b - +0 robe
rPois    .         Reflect  .   (helmet restricted)
rElec    .         Harm     .   (no cloak)
rCorr    .         Rampage  .   (gloves unavailable)
Will     .....                  (boots unavailable)
Stlth    +.........             (no amulet)
HPRegen  0.10/turn              (no ring)
MPRegen  0.09/turn              (no ring)

@: no status effects
A: large, unfitting armour, tough skin 1
a: no special abilities


You were on level 1 of the Dungeon.
You visited 1 branch of the dungeon, and saw 1 of its levels.

You collected 21 gold pieces.

Inventory:

Hand Weapons
 a - a +0 mace (weapon)
Armour
 b - a +0 robe (worn)
Scrolls
 d - a scroll of blinking
 g - a scroll of immolation {unknown}
Potions
 c - a potion of might {unknown}
 f - 2 potions of curing {unknown}


   Skills:
 + Level 3.0 Fighting
 + Level 2.0 Maces & Flails
 - Level 1.0 Throwing
 - Level 2.1 Dodging
 + Level 2.6 Spellcasting
 + Level 2.8 Translocations


You had 6 spell levels left.
You didn't know any spells.
Your spell library contained the following spells:

 Spells                   Type           Power      Damage    Failure   Level
 Blink                    Tloc           N/A        N/A       11%         2
 Gell's Gravitas          Tloc           4%         N/A       21%         3
 Lesser Beckoning         Tloc           4%         N/A       21%         3
 Teleport Other           Tloc           9%         N/A       21%         3
 Manifold Assault         Tloc           9%         N/A       88%         5


Dungeon Overview and Level Annotations

Branches:
Dungeon (1/15)

Altars:


Innate Abilities, Weirdness & Mutations

You are too large for most types of armour.
You have tough skin. (AC +1)


Message History

No target in view!
No target in view!
No target in view!
No target in view!
No target in view!
No target in view!
No target in view!
You see here a +0 scale mail.
Things that are here:
a quokka corpse; a jackal corpse A kobold comes into view.
It is wielding a +2 vorpal hand axe.
Your movement speed is average.
Your attack delay is about 1.3.
Unknown command.
You throw a boomerang of dispersal.
The boomerang of dispersal barely misses the kobold.
You throw a boomerang of dispersal.
The boomerang of dispersal misses the kobold.
You throw a boomerang of dispersal.
The boomerang of dispersal hits the kobold but does no damage.
The kobold closely misses you.
You throw a boomerang of dispersal.
The boomerang of dispersal closely misses the kobold.
The kobold hits you with a +2 vorpal hand axe.
You barely miss the kobold. The kobold closely misses you.
You completely miss the kobold.
The kobold hits you with a +2 vorpal hand axe.
The kobold hits you with a +2 vorpal hand axe!
Throw: boomerang (disperse)
Press: ? - help, Q - select action Shift-Dir - straight line, f/p - kobold
Aim: a kobold, wielding a +2 vorpal hand axe (45% to hit)
You throw a boomerang of dispersal.
The boomerang of dispersal barely misses the kobold.
The kobold closely misses you.
You closely miss the kobold. The kobold closely misses you.
You hit the kobold but do no damage.
The kobold hits you with a +2 vorpal hand axe! x2
* * * LOW HITPOINT WARNING * * *
x2 You hit the kobold but do no damage.
The kobold hits you with a +2 vorpal hand axe.
You die...

##...### #......###.###
##.#
#......###............#
.h..
#........#..........#.##
....
#...##.#.##.....#####...
...###......#.########
##.##
####...#..##.....†.[.#
#...#
#.........##..#.####.#
#.... #.#....#......#.#
#.# #...#
.............K@.# #.#
##... .....###.##...###
#†# #### #.# ...####.#
#.# ##### ..# #.# ####
#[# ..# ... .... ....


You could see a kobold.

Vanquished Creatures
  A giant cockroach (D:1)
  A hobgoblin (D:1)
  3 jackals (D:1)
  A quokka (D:1)
  A kobold (D:1)
  A rat (D:1)
8 creatures vanquished.

Notes
Turn   | Place    | Note
-------+----------+-------------------------------------------
     0 | D:1      | freelancePsychic the Ogre Warper began the quest for the
                  | Orb.
     0 | D:1      | Reached XP level 1. HP: 22/22 MP: 3/3
   452 | D:1      | Reached XP level 2. HP: 18/29 MP: 5/5
   478 | D:1      | Reached skill level 3 in Fighting
   579 | D:1      | Slain by a kobold

Illustrated notes

Levels and vault maps discovered:
D:1:      lordsloth_arrival_two_stooges, layout_loops_cross,
          ebering_ecumenical_altar_box

Skill      XL: |  1  2 |
---------------+-------+-----
Fighting       | 3 |  3.0
Maces & Flails | 2 |  2.0
Throwing       | |  1.0
Dodging        | |  2.1
Spellcasting   | |  2.6
Translocations | |  2.8

Action                   || total
-------------------------++-------
Melee: Mace              ||    37
Throw: Boomerang         ||     5
Armor: Robe              ||    11
Dodge: Dodged            ||    21

Table legend: (Time is in decaauts)
 A = Elapsed time spent in this place.
 B = Non-inter-level travel time spent in this place.
 C = Inter-level travel time spent in this place.
 D = Time resting spent in this place.
 E = Time spent auto-exploring this place.
 F = Levels seen in this place.
 G = Mean time per level.
                   A        B        C        D        E       F      G
               +--------+--------+--------+--------+--------+-----+--------+
         Total |    591 |    591 |      0 |      0 |    496 |   1 |  591.0 |
       Dungeon |    591 |    591 |      0 |      0 |    496 |   1 |  591.0 |
               +--------+--------+--------+--------+--------+-----+--------+

Top non-repeatable levels by time:
     D:1: 591 daAuts
